 Dungeon Crawl Stone Soup version 0.28-a0-751-gef3a642a4e (webtiles) character file.

Game seed: 18141866910369369549

4089 Johnny the Carver (level 10, -13/111 HPs)
             Began as a Human Berserker on Oct 30, 2021.
             Was an Elder of Trog.
             Mangled by a slime creature (18 damage)
             ... on level 7 of the Dungeon.
             The game lasted 00:06:05 (8266 turns).

Johnny the Carver (Human Berserker)                 Turns: 8266, Time: 00:06:06

Health: -13/111    AC:  7    Str: 21    XL:     10   Next: 50%
Magic:  10/10      EV: 12    Int:  7    God:    Trog [****..]
Gold:   313        SH:  0    Dex: 13    Spells: 9/9 levels left

rFire   . . .      SeeInvis .   s - +4 rapier (venom)
rCold   . . .      Faith    +   (no shield)
rNeg    . . .      Spirit   .   p - +2 troll leather armour {Pargi}
rPois   .          Reflect  .   (no helmet)
rElec   .          Harm     .   (no cloak)
rCorr   .          Rampage  .   (no gloves)
Will    ++...                   x - +0 pair of boots
Stlth   ..........              r - amulet of faith
HPRegen 2.28/turn               (no ring)
MPRegen 0.12/turn               (no ring)

@: berserking (expiring), strong-willed, regenerating, very quick
A: no striking features
a: Renounce Religion, Berserk, Trog's Hand, Brothers in Arms


You were on level 7 of the Dungeon.
You worshipped Trog.
Trog was greatly pleased with you.
You visited 1 branch of the dungeon, and saw 7 of its levels.
You also visited: Sewer.

You collected 313 gold pieces.

Inventory:

Hand Weapons
 m - a +1 vorpal long sword
 s - a +4 rapier of venom (weapon)
 w - a +0 scimitar
Missiles
 a - 3 throwing nets (quivered)
Armour
 k - a +0 pair of boots
 p - a +2 troll leather armour (worn) {Pargi}
 x - a +0 pair of boots (worn)
Jewellery
 r - an amulet of faith (around neck)
Wands
 t - a wand of charming (3)
 y - a wand of paralysis (12)
Scrolls
 b - a scroll of blinking
 g - a scroll of magic mapping
 h - a scroll of teleportation
 i - 2 scrolls of amnesia
 l - a scroll of silence
 n - a scroll of immolation
 o - a scroll of acquirement {unknown}
 v - a scroll of fog {unknown}
Potions
 c - 2 potions of curing
 d - a potion of flight {unknown}
 e - 2 potions of heal wounds {unknown}
 f - a potion of degeneration {unknown}
 j - 2 potions of haste {unknown}
 q - 2 potions of invisibility {unknown}
 u - a potion of mutation {unknown}
 z - a potion of lignification {unknown}


   Skills:
 + Level 5.5 Fighting
 * Level 13.9 Long Blades
 - Level 2.0 Armour
 - Level 2.0 Dodging


You had 9 spell levels left.
You didn't know any spells.
Your spell library was empty.

Dungeon Overview and Level Annotations

Branches:
Dungeon (7/15)             Temple (0/1) D:4           Sewer (visited)

Altars:
Cheibriados
Fedhas
Okawaru
Uskayaw
Zin

Portals:
Abyss: D:5

Annotations:
D:5 2 transporters, paps's ghost, novice DsGl
D:7 Menkaure


Message History

You are too injured to fight recklessly!
You are too injured to fight recklessly!
You are too injured to fight recklessly!
You are too injured to fight recklessly!
You are too injured to fight recklessly!
You are too injured to fight recklessly!
You are too injured to fight recklessly!
You are too injured to fight recklessly!
You closely miss the ufetubus. The ufetubus hits you.
The ufetubus barely misses you. The slime creature hits you.
You miss the ufetubus. The ufetubus barely misses you.
The ufetubus hits you but does no damage.
You puncture the slime creature!
The slime creature is moderately wounded.
The slime creature hits you but does no damage.
Menkaure mumbles, "Let me perform the rites..."
The ufetubus closely misses you. The ufetubus completely misses you.
You puncture the slime creature!
The slime creature is poisoned.
The slime creature is moderately wounded.
You closely miss the ufetubus. The ufetubus closely misses you.
The ufetubus hits you but does no damage.
The slime creature hits you.
You hit the ufetubus.
The ufetubus is poisoned.
The ufetubus is almost dead.
The ufetubus misses you. The ufetubus closely misses you.
Menkaure calls on the powers of darkness!
The slime creature convulses!
Your body is wracked with pain!
* * * LOW HITPOINT WARNING * * *
The slime creature hits you!!
* * * LOW HITPOINT WARNING * * *
You miss the ufetubus.
The ufetubus is almost dead.
You kill the ufetubus!
Trog accepts your kill.
A killer bee zombie comes into view.
Menkaure calls on the powers of darkness!
Your body is wracked with pain!
* * * LOW HITPOINT WARNING * * *
The slime creature convulses!
The slime creature hits you!!
You die...

#............
##..
#...#.######..
#..#
#..##.8..8.##
##.#
#..##..).....#
###
#.##$.######..#
## #..#..## #.
#.##.## #. #
#..# #. #J@# #.
##M# #. #.. #.
##.Z ##. #[.
#.. #.8 ##..
### #... ##...
#....


You could see a slime creature (very poisoned), Menkaure (fast) and a killer bee
zombie.

Vanquished Creatures
  Harold (D:7)
  A two-headed ogre (D:6)
  A wraith (D:6)
  A water moccasin (D:7)
  2 orc warriors (D:7)
  Pargi (Sewer)
  3 black bears
  Duvessa (D:7)
  A sky beast (D:4)
  A necrophage (D:5)
  An ogre (D:5)
  2 centaurs
  A phantom (D:4)
  2 kobold brigands (D:7)
  4 bullfrogs
  A gnoll sergeant (D:7)
  A scorpion (D:5)
  A wyvern zombie (D:5)
  A water moccasin skeleton (D:4)
  A howler monkey (D:7)
  5 wights (D:5)
  2 jellies
  2 hounds (D:7)
  2 orc priests (D:7)
  A gnoll shaman (D:6)
  A bullfrog skeleton (D:7)
  3 orc wizards
  8 gnolls
  10 adders
  3 shadow imps
  A white imp (D:6)
  An ufetubus (D:7)
  An adder zombie (D:5)
  3 adder skeletons (D:4)
  3 worms (D:2)
  3 dart slugs
  17 orcs
  7 endoplasms
  8 giant cockroaches
  3 goblins
  5 hobgoblins
  A jackal (D:3)
  A quokka (D:4)
  3 ball pythons (D:4)
  5 bats
  3 frilled lizards
  14 kobolds
  7 rats
151 creatures vanquished.

Vanquished Creatures (others)
  Dowan (D:7)
1 creature vanquished.

Grand Total: 152 creatures vanquished

Notes
Turn   | Place    | Note
-------+----------+-------------------------------------------
     0 | D:1      | Johnny the Human Berserker began the quest for the Orb.
     0 | D:1      | Reached XP level 1. HP: 18/18 MP: 1/1
   853 | D:1      | Reached XP level 2. HP: 24/24 MP: 2/2
  1175 | D:2      | Reached skill level 4 in Long Blades
  1175 | D:2      | Reached XP level 3. HP: 22/29 MP: 3/3
  1681 | D:2      | Reached ** piety under Trog
  1808 | D:2      | Reached XP level 4. HP: 17/35 MP: 4/4
  2784 | D:2      | Reached skill level 5 in Long Blades
  3431 | D:3      | Found a faded altar of an unknown god.
  3459 | D:3      | Noticed a centaur
  3466 | D:3      | Killed a centaur
  3467 | D:3      | Reached skill level 6 in Long Blades
  3467 | D:3      | Reached XP level 5. HP: 33/41 MP: 5/5
  3934 | D:3      | Reached XP level 6. HP: 47/47 MP: 6/6
  4620 | D:4      | Reached skill level 7 in Long Blades
  4792 | D:4      | Found a staircase to the Ecumenical Temple.
  4827 | D:4      | Reached XP level 7. HP: 26/52 MP: 7/7
  5199 | D:4      | Reached skill level 8 in Long Blades
  5430 | D:4      | Reached *** piety under Trog
  5462 | D:4      | Found a glowing silver altar of Zin.
  5557 | D:5      | Entered Level 5 of the Dungeon
  5584 | D:5      | Found a one-way gate to the infinite horrors of the Abyss.
  5584 | D:5      | Noticed paps's ghost (novice DsGl)
  5597 | D:5      | Found a transporter.
  5633 | D:5      | Found a transporter.
  5690 | D:5      | Found a snail-covered altar of Cheibriados.
  5701 | D:5      | Found a glowing drain.
  5722 | Sewer    | Entered a sewer
  5938 | Sewer    | Noticed Pargi
  5946 | Sewer    | Killed Pargi
  5947 | Sewer    | Reached skill level 9 in Long Blades
  5947 | Sewer    | Reached XP level 8. HP: 58/58 MP: 8/8
  6361 | D:5      | Noticed a small abomination
  6390 | D:5      | Found a blossoming altar of Fedhas.
  6420 | D:5      | Reached skill level 10 in Long Blades
  6807 | D:6      | Noticed a two-headed ogre
  6820 | D:6      | Killed a two-headed ogre
  6821 | D:6      | Reached skill level 11 in Long Blades
  6821 | D:6      | Reached XP level 9. HP: 63/63 MP: 9/9
  7150 | D:6      | Reached skill level 12 in Long Blades
  7626 | D:7      | Noticed Dowan
  7627 | D:7      | Noticed Duvessa
  7649 | D:7      | Your ally Dowan died
  7657 | D:7      | Killed Duvessa
  7823 | D:7      | Reached XP level 10. HP: 59/71 MP: 10/10
  7850 | D:7      | Found an iron altar of Okawaru.
  7852 | D:7      | Noticed Harold
  7866 | D:7      | Killed Harold
  7867 | D:7      | Reached skill level 13 in Long Blades
  7999 | D:7      | Found a hide-covered altar of Uskayaw.
  8111 | D:7      | Reached skill level 5 in Fighting
  8114 | D:7      | Reached **** piety under Trog
  8257 | D:7      | Noticed Menkaure
  8266 | D:7      | HP: 5/111 [??? (3)]
  8266 | D:7      | Mangled by a slime creature

Illustrated notes

Levels and vault maps discovered:
D:1:      lightli_arrival_quake, layout_loops_cross,
          chequers_serial_rivers_room_a, kennysheep_small_spiral,
          dk_noncrumbling_4
D:2:      layout_basic
D:3:      layout_basic, serial_curves, eino_curves_03, eino_curves_02,
          dreamdust_ecumenical_altar_statues, chequers_garden,
          minmay_door_square, grunt_decor_resistance, grunt_ministairs_8,
          chequers_serial_rivers_room_a, minmay_box_of_dots
D:4:      layout_gridville, mainiacjoe_overflow_surrounded_room,
          minmay_temple_entry_tees
D:5:      layout_loops_ring, mainiacjoe_overflow_cross_hatched, fedhas_altar_3,
          portal_sewer_entry_d, gammafunk_ghost_abyssal_escape,
          kennysheep_nondescript
D:6:      layout_basic, minmay_misc_feat_pillars, grunt_decor_junction
D:7:      layout_cave_pools, okawaru_trees_1, nicolae_uskayaw_suspiria,
          grunt_decor_one_mirror, nzn_random_ring, uniq_harold, uniq_duvessa,
          uniq_menkaure

Skill      XL: |  1  2  3  4  5  6  7  8  9 10 |
---------------+-------------------------------+-----
Long Blades    | 4 6 7 9 11 12 13 | 13.9
Fighting       | 4 5 |  5.5
Armour         | |  2.0
Dodging        | |  2.0

Action                   |  1- 3 |  4- 6 |  7- 9 | 10-12 || total
-------------------------+-------+-------+-------+-------++-------
Melee: Falchion          |    92 |   179 |   258 |       ||   529
       Long sword        |       |       |    44 |       ||    44
       Rapier            |       |       |    28 |    86 ||   114
Throw: Throwing net      |       |       |     1 |       ||     1
Invok: Berserk           |     3 |     6 |    11 |     3 ||    23
       Trog's Hand       |       |     1 |     5 |     2 ||     8
Evoke: Wand              |       |       |     3 |       ||     3
  Use: Scroll            |       |       |    10 |       ||    10
       Potion            |       |       |     3 |       ||     3
 Stab: Sleeping          |       |     2 |     2 |       ||     4
Armor: Animal skin       |    15 |    26 |     5 |       ||    46
       Chain mail        |       |       |    46 |       ||    46
       Troll leather arm |       |       |    50 |    26 ||    76
Dodge: Dodged            |    55 |    86 |   199 |    57 ||   397

Table legend: (Time is in decaauts)
 A = Elapsed time spent in this place.
 B = Non-inter-level travel time spent in this place.
 C = Inter-level travel time spent in this place.
 D = Time resting spent in this place.
 E = Time spent auto-exploring this place.
 F = Levels seen in this place.
 G = Mean time per level.
                   A        B        C        D        E       F      G
               +--------+--------+--------+--------+--------+-----+--------+
         Total |   8418 |   8296 |    122 |   1321 |   5649 |   8 | 1052.2 |
       Dungeon |   8068 |   7946 |    122 |   1321 |   5364 |   7 | 1152.6 |
         Sewer |    350 |    350 |      0 |      0 |    285 |   1 |  350.0 |
               +--------+--------+--------+--------+--------+-----+--------+

Top non-repeatable levels by time:
     D:2: 2021 daAuts
     D:3: 1463 daAuts
     D:4: 1127 daAuts
     D:1: 1036 daAuts
     D:5: 923 daAuts
     D:6: 766 daAuts
     D:7: 729 daAuts
   Sewer: 350 daAuts
